 Dungeon Crawl Stone Soup version 0.19.5 (webtiles) character file.

70 tricornhat the Firebug (level 4, -2/27 HPs)
             Began as a High Elf Fire Elementalist on Mar 9, 2017.
             Slain by a hippogriff (3 damage)
             ... on level 3 of the Dungeon.
             The game lasted 00:19:15 (1856 turns).

tricornhat the Firebug (High Elf Fire Elementalist) Turns: 1856, Time: 00:19:16

Health: -2/27      AC:  3    Str:  7    XL:     4   Next: 3%
Magic:  1/9        EV: 13    Int: 19    God:
Gold:   57         SH:  0    Dex: 16    Spells: 2 memorised, 6 levels left

rFire  . . .     SeeInvis .     d - +0 short sword
rCold  . . .     Gourm    .     a - +1 robe
rNeg   . . .     Faith    .     (no shield)
rPois  .         Spirit   .     (no helmet)
rElec  .         Reflect  .     (no cloak)
rCorr  .         Harm     .     (no gloves)
MR     .....                    (no boots)
Stlth  ++........               (no amulet)
                                (no ring)
                                (no ring)

@: no status effects
A: no striking features
a: no special abilities


You were on level 3 of the Dungeon.
You were not hungry.

You visited 1 branch of the dungeon, and saw 3 of its levels.

You collected 57 gold pieces.

Inventory:

Hand Weapons
 d - a +0 short sword (weapon)
 e - a cursed -2 spear
Armour
 a - a +1 robe (worn)
 k - a +2 helmet
Jewellery
 n - an uncursed ring of ice {unknown}
Wands
 h - a wand of slowing (36/48)
Scrolls
 g - 2 scrolls of blinking {unknown}
 o - a scroll of remove curse {unknown}
Potions
 f - a potion of flight {unknown}
 i - 2 potions of heal wounds {unknown}
 j - a potion of curing {unknown}
 l - 2 potions of haste {unknown}
 m - a potion of ambrosia {unknown}
 p - a potion of might {unknown}
Books
 b - a book of Flames

   Spells                             Type                      Level
   a - Flame Tongue                   Conjuration/Fire             1
   b - Throw Flame                    Conjuration/Fire             2
   c - Conjure Flame                  Conjuration/Fire             3
   d - Inner Flame                    Hexes/Fire                   3
   e - Sticky Flame                   Conjuration/Fire             4
   f - Fireball                       Conjuration/Fire             5


   Skills:
 + Level 0.2 Fighting
 + Level 2.6 Dodging
 + Level 2.4 Stealth
 + Level 3.2 Spellcasting
 + Level 1.3 Conjurations
 + Level 4.0 Fire Magic


You had 6 spell levels left.
You knew the following spells:

 Your Spells              Type           Power        Failure   Level  Hunger
a - Flame Tongue          Conj/Fire      ##...        8%          1    None
b - Throw Flame           Conj/Fire      ##....       10%         2    ##.....


Dungeon Overview and Level Annotations

Branches:
Dungeon (3/15)

Altars:


Message History

Casting: Flame Tongue
Confirm with . or Enter, or press ? or * to list all spells.
Aiming: Flame Tongue
Press: ? - help, Shift-Dir - straight line, f/p - hippogriff
Aim: a hippogriff (heavily wounded)
The flame tongue misses the hippogriff.
The hippogriff closely misses you. The hippogriff barely misses you.
The hippogriff claws you.
Casting: Flame Tongue
Confirm with . or Enter, or press ? or * to list all spells.
Aiming: Flame Tongue
Press: ? - help, Shift-Dir - straight line, f/p - hippogriff
Aim: a hippogriff (heavily wounded)
The flame tongue hits the hippogriff.
The hippogriff is severely wounded.
The hippogriff bites you.
* * * LOW HITPOINT WARNING * * *
The hippogriff pecks you.
* * * LOW HITPOINT WARNING * * *
The hippogriff claws you.
You die...

### #.# #.#
#########.#
#....H@...#
#####.#######.#
#.....# #.#
#.....# #.#
#.....# #.#
#.....#
#.#############
#.....#
#..............
###.....#
###############
#.......#
...#.......


You could see a hippogriff.

Vanquished Creatures
  3 adders (D:2)
  An ooze (D:3)
  A worm (D:3)
  A dart slug (D:2)
  4 orcs (D:3)
  4 goblins
  2 hobgoblins
  3 jackals (D:3)
  2 quokkas (D:3)
  A ball python (D:2)
  3 bats (D:2)
  4 frilled lizards
  A kobold (D:1)
  2 rats (D:2)
32 creatures vanquished.

Notes
Turn   | Place    | Note
-------+----------+-------------------------------------------
     0 | D:1      | tricornhat the High Elf Fire Elementalist began the quest for the Orb.
     0 | D:1      | Reached XP level 1. HP: 11/11 MP: 4/4
   233 | D:1      | You fall through a shaft!
   421 | D:2      | Reached XP level 2. HP: 11/17 MP: 3/6
   855 | D:2      | Reached XP level 3. HP: 21/21 MP: 6/8
   933 | D:2      | Learned a level 2 spell: Throw Flame
  1396 | D:3      | Reached skill level 4 in Fire Magic
  1656 | D:3      | Reached XP level 4. HP: 25/27 MP: 7/9
  1776 | D:3      | Noticed a hippogriff
  1856 | D:3      | HP: 1/27 [hippogriff (4)]
  1856 | D:3      | Slain by a hippogriff

Skill      XL: |  1  2  3 |
---------------+----------+-----
Spellcasting   | 3 |  3.2
Fire Magic     | 4 |  4.0
Fighting       | |  0.2
Dodging        | |  2.6
Stealth        | |  2.4
Conjurations   | |  1.3

Action                   |  1- 3 |  4- 6 || total
-------------------------+-------+-------++-------
Melee: Short sword       |     7 |       ||     7
 Cast: Flame Tongue      |    54 |     9 ||    63
       Throw Flame       |     4 |     2 ||     6
  Use: Scroll            |     3 |       ||     3
 Stab: Sleeping          |     1 |       ||     1
  Eat: Beef jerky        |     1 |       ||     1
       Bread ration      |       |     1 ||     1
Armor: Robe              |     5 |     1 ||     6
Dodge: Dodged            |    33 |     8 ||    41
